Map: Year Zero LE

Players

MaSa - Winner!

  • Race: Terran Terran
  • Spawn Location: 1:00

Kas

  • Race: Terran Terran
  • Spawn Location: 11:00

Event: 2019 WCS Spring

VOD

Have the link to the VOD?

Description

Time

  • Played on: May 17, 2019, 4:14 p.m.
  • Length: 12:51

All games in this series

Show
View Real Time Build Order
Export as new Build Order

MaSa Terran - Winner!

Build Orders: Reaper Expand 

Get SALT Encoding   

  12  0:00  SCV  
  13  0:12  SCV  
  14  0:18  Supply Depot  
  14  0:24  SCV  
  15  0:39  SCV  
  15  0:42  Barracks  
  16  0:46  Refinery  
  16  0:51  SCV  
  17  1:03  SCV  
  18  1:15  SCV  
  19  1:29  Reaper, Orbital Command  
  20  1:43  Command Center  
  20  1:55  SCV  
  20  2:00  Marine, Supply Depot  
  22  2:07  SCV  
  23  2:14  Factory  
  23  2:20  Refinery  
  23  2:21  SCV  
  24  2:24  Barracks Reactor  
  24  2:34  SCV  
  24  2:35  Supply Depot  
  25  2:47  SCV  
  26  2:58  Factory Tech Lab  
  26  2:59  Refinery  
  26  3:01  Starport  
  26  3:02  Orbital Command  
  26  3:04  SCV  
  27  3:07  Marine  
  27  3:11  Marine  
  29  3:16  SCV  
  30  3:20  Siege Tank  
  30  3:25  Marine  
  34  3:28  SCV  
  34  3:31  Marine  
  34  3:32  SCV  
  37  3:39  Supply Depot  
  37  3:41  Medivac  
  37  3:45  Marine  
  37  3:47  SCV  
  41  3:49  Marine  
  41  3:50  SCV  
  43  3:55  Siege Tank  
  43  4:01  SCV  
  47  4:03  Marine  
  47  4:06  Supply Depot  
  47  4:07  SCV, Marine  
  50  4:14  Medivac  
  50  4:16  SCV  
  53  4:20  Supply Depot  
  53  4:24  SCV  
  53  4:26  Marine  
  53  4:27  Marine  
  53  4:28  Siege Tank  
  53  4:31  SCV  
  60  4:34  Supply Depot  
  60  4:36  SCV  
  61  4:44  SCV, Medivac  
  64  4:48  Marine x2  
  64  4:49  SCV  
  67  4:56  SCV, Supply Depot  
  68  5:04  SCV  
  64  5:14  SCV, Medivac  
  64  5:20  SCV  
  65  5:24  Marine x2  
  65  5:27  Command Center  
  66  5:29  Siege Tank  
  66  5:30  SCV  
  69  5:38  SCV  
  70  5:43  SCV  
  70  5:46  Starport Tech Lab  
  71  5:51  SCV, Barracks x2  
  71  5:55  SCV  
  73  6:01  Barracks Tech Lab  
  71  6:07  SCV  
  71  6:10  Siege Tank  
  74  6:13  SCV  
  75  6:19  Viking x2, SCV  
  75  6:20  Stimpack  
  75  6:22  Engineering Bay  
  75  6:24  Engineering Bay  
  75  6:25  SCV, Refinery  
  81  6:31  SCV  
  82  6:37  SCV  
  83  6:42  Siege Tank  
  83  6:43  SCV  
  84  6:47  Marine  
  84  6:49  SCV, Barracks Reactor x2  
  84  6:51  Viking, Barracks x2  
  88  6:56  SCV  
  90  7:01  SCV  
  90  7:04  Terran Infantry Weapons Level 1, Terran Infantry Armor Level 1  
  90  7:05  Marine  
  90  7:08  SCV, Viking  
  94  7:13  SCV  
  94  7:15  Refinery  
  95  7:19  Siege Tank  
  98  7:23  SCV, Marine  
  98  7:24  Orbital Command  
  98  7:25  Marine x2  
  98  7:26  Marine  
  98  7:29  SCV  
  104  7:35  SCV  
  105  7:39  Barracks Reactor  
  105  7:41  SCV, Barracks Reactor  
  105  7:42  Viking  
  108  7:47  SCV  
  108  7:50  Supply Depot  
  109  7:51  Supply Depot  
  109  8:01  SCV x2, Marine x5  
  105  8:09  Medivac  
  101  8:16  Marine x2  
  101  8:17  SCV, Siege Tank  
  101  8:18  Marine x5  
  101  8:19  SCV x2, Marine  
  108  8:22  Medivac  
  108  8:23  Combat Shield  
  99  8:27  Refinery, Marine  
  100  8:34  Armory, Missile Turret, Marine x2  
  100  8:36  Marine x5  
  107  8:45  Factory  
  107  8:50  Command Center  
  107  8:51  Medivac  
  107  8:52  Medivac  
  107  8:53  Marine x4  
  115  9:02  Marine x5  
  120  9:04  Siege Tank  
  120  9:07  Sensor Tower  
  123  9:11  Marine x2  
  123  9:14  Supply Depot x2  
  125  9:17  Supply Depot  
  125  9:29  Terran Infantry Weapons Level 2, Terran Infantry Armor Level 2  
  125  9:30  Supply Depot x2  
  125  9:35  Marine x5  
  125  9:36  SCV x2, Terran Vehicle Weapons Level 1  
  135  9:38  Marine  
  135  9:39  Marine  
  134  9:48  Marine x2  
  134  9:49  Siege Tank  
  134  9:52  Siege Tank  
  142  9:53  Marine x4  
  142  9:55  Marine  
  142  9:56  Marine  
  142  9:59  Marine  
  146  10:06  Marine  
  149  10:07  Marauder  
  149  10:11  Marine x3  
  150  10:14  Marine x3  
  150  10:17  Marine  
  148  10:22  Siege Tank  
  148  10:24  Marine  
  148  10:28  Marine  
  130  10:29  Marine x3  
  130  10:31  Siege Tank  
  130  10:32  Medivac, Marine x3  
  130  10:35  Marine  
  135  10:37  Medivac  
  135  10:42  Marine  
  138  10:45  Marine  
  138  10:47  Marine x3  
  142  10:50  Marine x3  
  142  10:53  Marine  
  142  10:54  Siege Tank  
  149  11:02  Medivac  
  148  11:04  Marauder, Orbital Command  
  148  11:09  Marine x3  
  146  11:12  Marine x5  
  146  11:14  Medivac  
  149  11:22  Siege Tank  
  149  11:25  Marauder  
  152  11:26  Marine x2  
  152  11:27  Marine  
  152  11:32  Medivac  
  157  11:35  Marine  
  157  11:36  Marine x4  
  157  11:39  Command Center  
  162  11:44  Medivac, Marine x3  
  162  11:47  Marauder  
  168  11:53  Marine x2  
  166  11:57  Marine x3  
  153  12:02  Marine x3  
  153  12:05  Medivac  
  153  12:08  Marauder  
  146  12:11  Marine x2  
  146  12:15  Marine x3  
  134  12:16  Medivac  
  134  12:20  Marine x3  
  141  12:27  Barracks  
  141  12:28  Barracks  
  141  12:29  Marine x3, Barracks  
  142  12:33  Marine  
Show
View Real Time Build Order
Export as new Build Order

Kas Terran 

Build Orders: Gas First Reaper Expand, Mech 

Get SALT Encoding   

  12  0:00  SCV  
  13  0:12  SCV  
  14  0:17  Supply Depot  
  14  0:25  SCV  
  15  0:29  Refinery  
  15  0:39  SCV  
  16  0:45  Barracks  
  16  0:51  SCV  
  17  1:03  SCV  
  18  1:15  SCV  
  19  1:32  Orbital Command  
  19  1:33  Reaper  
  20  1:46  Command Center  
  20  1:57  Factory  
  20  2:01  SCV  
  21  2:06  Barracks Reactor  
  21  2:14  SCV  
  21  2:15  Supply Depot  
  21  2:23  Refinery  
  21  2:26  SCV  
  22  2:39  SCV  
  22  2:41  Factory Tech Lab  
  22  2:43  Marine x2  
  25  2:51  SCV  
  26  2:58  Orbital Command  
  26  3:01  Cyclone  
  26  3:03  SCV, Marine x2  
  32  3:15  SCV  
  33  3:23  SCV  
  34  3:30  SCV  
  34  3:33  Siege Tank  
  38  3:35  SCV  
  39  3:43  SCV  
  39  3:45  Command Center  
  40  3:48  SCV  
  40  3:52  Starport  
  40  3:55  SCV  
  42  3:56  Barracks Tech Lab  
  42  4:00  SCV  
  42  4:02  Supply Depot  
  43  4:04  Refinery  
  43  4:08  Siege Tank  
  46  4:13  Refinery  
  46  4:23  SCV x2  
  48  4:25  Supply Depot  
  48  4:27  Marine x2  
  50  4:35  SCV x2  
  50  4:38  Raven  
  53  4:48  SCV x2, Siege Tank  
  53  4:50  Marine x2  
  55  5:28  Command Center, Supply Depot x2  
  55  5:30  SCV x2  
  55  5:31  Siege Tank  
  56  5:42  SCV  
  57  5:46  SCV  
  58  5:54  Viking x2, SCV  
  63  5:58  SCV  
  63  6:02  Factory  
  63  6:03  Siege Tank  
  63  6:06  SCV  
  60  6:15  SCV  
  59  6:19  SCV  
  59  6:24  Viking x2, Supply Depot  
  64  6:28  Supply Depot  
  64  6:36  Orbital Command  
  64  6:37  SCV  
  61  6:48  SCV  
  61  6:54  Viking x2  
  66  6:56  Refinery  
  66  6:57  Refinery  
  66  6:59  Hellion, Barracks Reactor  
  66  7:00  SCV  
  69  7:02  Orbital Command  
  69  7:07  Armory, SCV  
  70  7:08  Armory  
  70  7:10  Engineering Bay, Liberator  
  70  7:12  SCV, Supply Depot  
  71  7:18  Siege Tank  
  71  7:19  SCV  
  75  7:27  Orbital Command  
  78  7:31  SCV  
  79  7:42  SCV  
  80  7:45  SCV  
  80  7:46  Hellion x2  
  80  7:47  Factory  
  85  7:54  SCV  
  85  7:57  SCV  
  85  7:58  Siege Tank  
  84  8:19  SCV x2  
  80  8:23  SCV  
  80  8:26  Terran Vehicle And Ship Armor Level 1, Terran Vehicle Weapons Level 1  
  81  8:30  Siege Tank, Refinery  
  81  8:31  SCV x2  
  81  8:33  Command Center, Supply Depot  
  86  8:34  Missile Turret x2  
  86  8:35  Missile Turret  
  86  8:36  SCV  
  86  8:37  Missile Turret  
  86  8:38  Missile Turret  
  86  8:40  Missile Turret  
  87  8:43  SCV, Refinery  
  87  8:46  Siege Tank  
  91  8:50  Supply Depot  
  91  8:51  SCV  
  91  8:52  SCV  
  93  9:00  Sensor Tower, Refinery  
  93  9:03  SCV x2  
  93  9:08  SCV  
  96  9:12  Siege Tank  
  96  9:13  Hellion  
  96  9:15  SCV x2  
  103  9:19  Supply Depot  
  103  9:21  SCV  
  104  9:29  Siege Tank  
  110  9:32  Hellion  
  110  9:35  SCV, Hellion, Factory  
  110  9:36  Factory  
  110  9:38  SCV  
  113  9:43  Viking  
  113  9:45  Viking  
  117  9:47  SCV  
  117  9:50  SCV  
  117  9:52  Siege Tank  
  122  9:55  SCV  
  123  10:03  Siege Tank  
  123  10:06  Hellion x2  
  130  10:08  SCV  
  130  10:09  Supply Depot  
  130  10:10  Supply Depot  
  126  10:14  Planetary Fortress  
  122  10:25  Hellion, Siege Tank  
  122  10:28  Orbital Command  
  116  10:31  Hellion x2  
  114  10:35  Siege Tank  
  114  10:36  Hellion  
  114  10:40  SCV  
  120  10:46  Sensor Tower  
  120  10:47  Hellion  
  122  10:50  SCV  
  122  10:52  Hellion x2  
  122  10:54  Refinery  
  122  10:56  Refinery  
  119  11:16  Siege Tank x2  
  119  11:17  Hellion x2  
  125  11:20  SCV  
  125  11:22  SCV x2  
  128  11:26  Factory Tech Lab  
  128  11:27  Factory Reactor  
  128  11:29  Command Center  
  128  11:32  SCV  
  129  11:34  SCV  
  130  11:47  Supply Depot  
  130  11:48  Siege Tank x2, Supply Depot  
  130  11:52  Viking  
  122  12:06  Siege Tank  
  105  12:14  Viking  
  104  12:20  Hellion x4  
Tags
 
Add a new tag
Caveats
  • Supply blocks, unpowered buildings, or Contaminate may cause inaccurate times.
  • Supply counts are checked every 10 seconds.